| TOP OF THE 1ST |
|
Greenville Drive batting - Pitching for Lansing Lugnuts : RHP Dan Korte
|
|
Pitching: RHP Dan Korte
|
|
|
Batting: RHB Aukukero Tairi
|
0-0: Ground out 4-3 (Groundball, 34, EV 100.0 MPH)
|
|
Batting: SHB Salvador Padilla
|
0-0: Called Strike 0-1: Foul Ball, location: 2F 0-2: Ball 1-2: Strikes out swinging
|
|
Batting: LHB Danny Montoya
|
0-0: Called Strike 0-1: Ball 1-1: Ball 2-1: Ball 3-1: Base on Balls
|
|
Batting: RHB Bobby Schimke
|
0-0: Ball 1-0: Called Strike 1-1: Swinging Strike 1-2: Ground out 5-3 (Groundball, 56S, EV 70.0 MPH)
|
| Top of the 1st over - 0 runs, 0 hits, 0 errors, 1 left on base; Greenville 0 - Lansing 0 |
| BOTTOM OF THE 1ST |
|
Lansing Lugnuts batting - Pitching for Greenville Drive : RHP Teruhiko Ushijima
|
|
Pitching: RHP Teruhiko Ushijima
|
|
|
Batting: LHB Danny Bailey
|
0-0: Hit by Pitch
|
|
Batting: LHB Timo Gomez
|
0-0: Called Strike 0-1: Ball 1-1: Ball 2-1: Fly out, F9 (Flyball, 89M, EV 91.9 MPH)
|
|
Batting: RHB James Boynton
|
0-0: Called Strike Danny Bailey is caught stealing 2nd base 2-4 0-1: Swinging Strike 0-2: Strikes out swinging
|
| Bottom of the 1st over - 0 runs, 0 hits, 0 errors, 0 left on base; Greenville 0 - Lansing 0 |
| TOP OF THE 2ND |
|
Greenville Drive batting - Pitching for Lansing Lugnuts : RHP Dan Korte
|
|
Batting: RHB David Norum
|
0-0: Called Strike 0-1: Ball 1-1: Fly out, F9 (Flyball, 9D, EV 95.0 MPH)
|
|
Batting: LHB Carlos Guerra
|
0-0: Ball 1-0: Ball 2-0: Foul Ball, location: 2F 2-1: Foul Ball, location: 2F 2-2: Ground out U3 (Groundball, 3, EV 101.2 MPH)
|
|
Batting: RHB Matt Parker
|
0-0: Swinging Strike 0-1: Ball 1-1: Ball 2-1: Ball 3-1: Called Strike 3-2: Foul Ball, location: 2F 3-2: Strikes out swinging
|
| Top of the 2nd over - 0 runs, 0 hits, 0 errors, 0 left on base; Greenville 0 - Lansing 0 |
| BOTTOM OF THE 2ND |
|
Lansing Lugnuts batting - Pitching for Greenville Drive : RHP Teruhiko Ushijima
|
|
Batting: LHB Marc Carter
|
0-0: Called Strike 0-1: Ball 1-1: Ball 2-1: Swinging Strike 2-2: Ball 3-2: Base on Balls
|
|
Batting: RHB Butch Koglin
|
0-0: Called Strike Marc Carter steals 2nd base 0-1: Fly out, F9 (Flyball, 89D, EV 102.5 MPH) Runner from 2nd tags up, SAFE at 3rd, no throw by RF
|
|
Batting: RHB Freddy Quintero
|
0-0: Ball 1-0: Ball 2-0: Ball 3-0: Called Strike 3-1: Base on Balls
|
|
Batting: RHB Carlos Renteria
|
0-0: Ball 1-0: Swinging Strike 1-1: Ball 2-1: Ball 3-1: Base on Balls Freddy Quintero to second
|
|
Batting: RHB Jose Garza
|
0-0: Ball 1-0: Foul Ball, location: 2F 1-1: Ball 2-1: Called Strike 2-2: Strikes out swinging
|
|
Batting: LHB Roger Escareno
|
0-0: Ground out U3 (Groundball, 3, EV 89.4 MPH)
|
| Bottom of the 2nd over - 0 runs, 0 hits, 0 errors, 3 left on base; Greenville 0 - Lansing 0 |
| TOP OF THE 3RD |
|
Greenville Drive batting - Pitching for Lansing Lugnuts : RHP Dan Korte
|
|
Batting: RHB Josh Smith
|
0-0: Ball 1-0: Ball 2-0: Fly out, F8 (Flyball, 8LD, EV 80.0 MPH)
|
|
Batting: LHB Robert Gonzalez
|
0-0: Called Strike 0-1: Ball 1-1: Ground out 4-3 (Groundball, 4, EV 88.8 MPH)
|
|
Batting: RHB Aukukero Tairi
|
0-0: Ball 1-0: Swinging Strike 1-1: Swinging Strike 1-2: Ball 2-2: Foul Ball, location: 2F 2-2: Ball 3-2: Strikes out looking
|
| Top of the 3rd over - 0 runs, 0 hits, 0 errors, 0 left on base; Greenville 0 - Lansing 0 |
| BOTTOM OF THE 3RD |
|
Lansing Lugnuts batting - Pitching for Greenville Drive : RHP Teruhiko Ushijima
|
|
Batting: LHB Danny Bailey
|
0-0: Ball 1-0: Swinging Strike 1-1: Foul Ball, location: 2F 1-2: Foul Ball, location: 2F 1-2: DOUBLE (Line Drive, 89M, EV 111.2 MPH)
|
|
Batting: LHB Timo Gomez
|
0-0: Ball 1-0: 2-RUN HOME RUN (Flyball, 7D, EV 95.6 MPH), Distance : 354 ft
|
|
Batting: RHB James Boynton
|
0-0: Called Strike 0-1: Ground out 6-3 (Groundball, 6, EV 105.0 MPH)
|
|
Batting: LHB Marc Carter
|
0-0: Ground out 1-3 (Groundball, 13S, EV 73.8 MPH)
|
|
Batting: RHB Butch Koglin
|
0-0: Reached on error, E4 (Groundball, 4, EV 94.4 MPH)
|
|
Batting: RHB Freddy Quintero
|
0-0: Swinging Strike 0-1: Called Strike 0-2: Ball 1-2: Strikes out looking
|
| Bottom of the 3rd over - 2 runs, 2 hits, 1 error, 1 left on base; Greenville 0 - Lansing 2 |
| TOP OF THE 4TH |
|
Greenville Drive batting - Pitching for Lansing Lugnuts : RHP Dan Korte
|
|
Batting: SHB Salvador Padilla
|
0-0: Ball 1-0: Called Strike 1-1: Foul Ball, location: 2F 1-2: Strikes out looking
|
|
Batting: LHB Danny Montoya
|
0-0: Ball 1-0: Foul Ball, location: 2F 1-1: Foul Ball, location: 2F 1-2: Ball 2-2: Strikes out swinging
|
|
Batting: RHB Bobby Schimke
|
0-0: Called Strike 0-1: Ball 1-1: DOUBLE (Line Drive, 78D, EV 110.0 MPH)
|
|
Batting: RHB David Norum
|
0-0: Swinging Strike 0-1: Swinging Strike 0-2: Foul Ball, location: 2F 0-2: Ball 1-2: Strikes out swinging
|
| Top of the 4th over - 0 runs, 1 hit, 0 errors, 1 left on base; Greenville 0 - Lansing 2 |
| BOTTOM OF THE 4TH |
|
Lansing Lugnuts batting - Pitching for Greenville Drive : RHP Teruhiko Ushijima
|
|
Batting: RHB Carlos Renteria
|
0-0: Ball 1-0: Called Strike 1-1: Reached on error, E2 (Groundball, 15S, EV 66.2 MPH)
|
|
Batting: RHB Jose Garza
|
0-0: Ball 1-0: Ball 2-0: Swinging Strike 2-1: Swinging Strike 2-2: Strikes out swinging
|
|
Batting: LHB Roger Escareno
|
0-0: Called Strike Carlos Renteria steals 3rd base 0-1: DOUBLE (Flyball, 8RXD, EV 94.4 MPH) Carlos Renteria scores
|
|
Batting: LHB Danny Bailey
|
0-0: Called Strike 0-1: Foul Ball, location: 2F 0-2: Ball 1-2: Ball 2-2: SINGLE (Line Drive, 56D, EV 100.0 MPH) Roger Escareno to third
|
|
Batting: LHB Timo Gomez
|
0-0: Called Strike 0-1: Called Strike Danny Bailey steals 2nd base 0-2: Ball 1-2: Fly out, F6 (Line Drive, 6, EV 63.8 MPH)
|
|
Batting: RHB James Boynton
|
0-0: Called Strike 0-1: Swinging Strike 0-2: Ball 1-2: Ball 2-2: Foul Ball, location: 2F 2-2: Strikes out swinging
|
| Bottom of the 4th over - 1 run, 2 hits, 1 error, 2 left on base; Greenville 0 - Lansing 3 |
| TOP OF THE 5TH |
|
Greenville Drive batting - Pitching for Lansing Lugnuts : RHP Dan Korte
|
|
Batting: LHB Carlos Guerra
|
0-0: Ball 1-0: Swinging Strike 1-1: Foul Ball, location: 2F 1-2: Ball 2-2: Ball 3-2: Ground out 6-3 (Groundball, 56, EV 98.1 MPH)
|
|
Batting: RHB Matt Parker
|
0-0: Ball 1-0: Ball 2-0: Ground out 6-3 (Groundball, 6, EV 88.1 MPH)
|
|
Batting: RHB Josh Smith
|
0-0: Ball 1-0: Called Strike 1-1: SINGLE (Groundball, 25, EV 70.6 MPH) (infield hit)
|
|
Batting: LHB Robert Gonzalez
|
0-0: Ground out U3 (Groundball, 3, EV 81.2 MPH)
|
| Top of the 5th over - 0 runs, 1 hit, 0 errors, 1 left on base; Greenville 0 - Lansing 3 |
| BOTTOM OF THE 5TH |
|
Lansing Lugnuts batting - Pitching for Greenville Drive : RHP Teruhiko Ushijima
|
|
Batting: LHB Marc Carter
|
0-0: Called Strike 0-1: Ball 1-1: SOLO HOME RUN (Flyball, 9LD, EV 90.0 MPH), Distance : 335 ft
|
|
Batting: RHB Butch Koglin
|
0-0: Called Strike 0-1: Ball 1-1: Swinging Strike 1-2: Ball 2-2: Strikes out swinging
|
|
Batting: RHB Freddy Quintero
|
0-0: Called Strike 0-1: Ball 1-1: Ball 2-1: Called Strike 2-2: Strikes out swinging
|
|
Batting: RHB Carlos Renteria
|
0-0: Called Strike 0-1: Ball 1-1: Ball 2-1: Ball 3-1: Ground out 5-3 (Groundball, 56S, EV 61.2 MPH)
|
| Bottom of the 5th over - 1 run, 1 hit, 0 errors, 0 left on base; Greenville 0 - Lansing 4 |
| TOP OF THE 6TH |
|
Greenville Drive batting - Pitching for Lansing Lugnuts : RHP Dan Korte
|
|
Batting: RHB Aukukero Tairi
|
0-0: Ball 1-0: Called Strike 1-1: Ball 2-1: Called Strike 2-2: Ball 3-2: Foul Ball, location: 2F 3-2: Foul Ball, location: 2F 3-2: Fly out, F9 (Flyball, 9, EV 91.2 MPH)
|
|
Batting: SHB Salvador Padilla
|
0-0: Foul Ball, location: 2F 0-1: Ball 1-1: Called Strike 1-2: Foul Ball, location: 2F 1-2: Ground out 6-3 (Groundball, 56D, EV 106.2 MPH)
|
|
Batting: LHB Danny Montoya
|
0-0: Ball 1-0: Ground out 4-3 (Groundball, 4S, EV 71.9 MPH)
|
| Top of the 6th over - 0 runs, 0 hits, 0 errors, 0 left on base; Greenville 0 - Lansing 4 |
| BOTTOM OF THE 6TH |
|
Lansing Lugnuts batting - Pitching for Greenville Drive : RHP Teruhiko Ushijima
|
|
Pitching: RHP Jon Olivo
|
|
|
Batting: RHB Jose Garza
|
0-0: Ball 1-0: Ball 2-0: Called Strike 2-1: Ball 3-1: Ground out 6-3 (Groundball, 6M, EV 89.4 MPH)
|
|
Batting: LHB Roger Escareno
|
0-0: Called Strike 0-1: Foul Ball, location: 2F 0-2: Foul Ball, location: 2F 0-2: Ball 1-2: Reached on error, E6 (Groundball, 6, EV 108.1 MPH)
|
|
Batting: LHB Danny Bailey
|
0-0: Called Strike 0-1: Ball 1-1: Ball 2-1: Foul Ball, location: 2F 2-2: Ball 3-2: Strikes out looking
|
|
Batting: LHB Timo Gomez
|
0-0: Foul Ball, location: 2F 0-1: Called Strike 0-2: Fly out, F5 (Popup, 56, EV 82.5 MPH)
|
| Bottom of the 6th over - 0 runs, 0 hits, 1 error, 1 left on base; Greenville 0 - Lansing 4 |
| TOP OF THE 7TH |
|
Greenville Drive batting - Pitching for Lansing Lugnuts : RHP Dan Korte
|
|
Now at 3B: Jamie Ogilvie
|
|
|
Now in LF: Timo Gomez
|
|
|
Now in CF: Dan Hilyer
|
|
|
Batting: RHB Bobby Schimke
|
0-0: Ball 1-0: Ball 2-0: Called Strike 2-1: Fly out, F3 (Popup, 34S, EV 74.4 MPH)
|
|
Batting: RHB David Norum
|
0-0: SINGLE (Line Drive, 56D, EV 98.1 MPH)
|
|
Batting: LHB Carlos Guerra
|
0-0: Called Strike David Norum steals 2nd base (no throw) 0-1: Foul Ball, location: 2F 0-2: Foul Ball, location: 2F 0-2: Strikes out swinging
|
|
Batting: RHB Matt Parker
|
0-0: Foul Ball, location: 2F 0-1: Ball 1-1: Ground out 6-3 (Groundball, 6MD, EV 84.4 MPH)
|
| Top of the 7th over - 0 runs, 1 hit, 0 errors, 1 left on base; Greenville 0 - Lansing 4 |
| BOTTOM OF THE 7TH |
|
Lansing Lugnuts batting - Pitching for Greenville Drive : RHP Jon Olivo
|
|
Pitching: LHP Eddie Contreras
|
|
|
Batting: RHB James Boynton
|
0-0: Called Strike 0-1: Ball 1-1: Foul Ball, location: 2F 1-2: Foul Ball, location: 2F 1-2: Ground out 4-3 (Groundball, 4, EV 83.1 MPH)
|
|
Batting: LHB Marc Carter
|
0-0: Ball 1-0: Ball 2-0: Called Strike 2-1: Foul Ball, location: 2F 2-2: Ball 3-2: SINGLE (Groundball, 6D, EV 100.6 MPH)
|
|
Batting: RHB Butch Koglin
|
0-0: Ball 1-0: Ball 2-0: Called Strike 2-1: Foul Ball, location: 2F 2-2: Ball 3-2: Base on Balls Marc Carter to second
|
|
Batting: RHB Freddy Quintero
|
0-0: Ball 1-0: Called Strike Marc Carter steals 3rd base 1-1: Ball 2-1: Called Strike 2-2: Foul Ball, location: 2F 2-2: Strikes out looking
|
|
Batting: RHB Carlos Renteria
|
0-0: Ball 1-0: Fly out, F8 (Line Drive, 8RD, EV 93.1 MPH)
|
| Bottom of the 7th over - 0 runs, 1 hit, 0 errors, 2 left on base; Greenville 0 - Lansing 4 |
| TOP OF THE 8TH |
|
Greenville Drive batting - Pitching for Lansing Lugnuts : RHP Dan Korte
|
|
Now at 1B: Rodrigo Briceno
|
|
|
Now in LF: Dan Hilyer
|
|
|
Now in CF: Ricky Carbajal
|
|
|
Batting: RHB Josh Smith
|
0-0: Ball 1-0: Foul Ball, location: 2F 1-1: Ground out 6-3 (Groundball, 6, EV 86.9 MPH)
|
|
Batting: LHB Robert Gonzalez
|
0-0: Ground out 4-3 (Groundball, 4, EV 83.8 MPH)
|
|
Batting: RHB Aukukero Tairi
|
0-0: Called Strike 0-1: Ball 1-1: Called Strike 1-2: Strikes out swinging
|
| Top of the 8th over - 0 runs, 0 hits, 0 errors, 0 left on base; Greenville 0 - Lansing 4 |
| BOTTOM OF THE 8TH |
|
Lansing Lugnuts batting - Pitching for Greenville Drive : LHP Eddie Contreras
|
|
Pitching: RHP Tyler Tomblin
|
|
|
Batting: RHB Jose Garza
|
0-0: Ball 1-0: Ball 2-0: Ground out 4-3 (Groundball, 4, EV 103.8 MPH)
|
|
Batting: RHB Jamie Ogilvie
|
0-0: Foul Ball, location: 2F 0-1: Fly out, F9 (Flyball, 89M, EV 82.5 MPH)
|
|
Batting: RHB Dan Hilyer
|
0-0: Called Strike 0-1: Ground out 5-3 (Groundball, 5S, EV 70.6 MPH)
|
| Bottom of the 8th over - 0 runs, 0 hits, 0 errors, 0 left on base; Greenville 0 - Lansing 4 |
| TOP OF THE 9TH |
|
Greenville Drive batting - Pitching for Lansing Lugnuts : RHP Dan Korte
|
|
Now in CF: Brian Manson
|
|
|
Now in RF: Ricky Carbajal
|
|
|
Batting: SHB Salvador Padilla
|
0-0: Ball 1-0: Ball 2-0: Ball 3-0: Base on Balls
|
|
Pitching: RHP Scott Lowry
|
|
|
Batting: LHB Danny Montoya
|
0-0: Ball 1-0: Called Strike 1-1: Ball 2-1: Foul Ball, location: 2F 2-2: Strikes out swinging
|
|
Batting: RHB Bobby Schimke
|
0-0: Ball 1-0: Called Strike 1-1: Ball Wild Pitch! Salvador Padilla to second 2-1: Ball 3-1: Swinging Strike 3-2: SINGLE (Line Drive, 89S, EV 100.0 MPH) Salvador Padilla to third
|
|
Pitching: RHP Andres de Leon
|
|
|
Batting: RHB David Norum
|
0-0: Ball 1-0: SINGLE (Line Drive, 89M, EV 110.0 MPH) Salvador Padilla scores Bobby Schimke to second
|
|
Batting: LHB Carlos Guerra
|
0-0: Called Strike 0-1: Ball 1-1: SINGLE (Line Drive, 7S, EV 111.2 MPH) Bobby Schimke to third David Norum to second
|
|
Pinch Hitting: SHB Robert Soto
|
0-0: Called Strike 0-1: Called Strike 0-2: Strikes out swinging
|
|
Pinch Hitting: LHB Blake Sams
|
0-0: Foul Ball, location: 2F 0-1: Ball 1-1: Fly out, F5 (Popup, 5F, EV 56.2 MPH)
|
| Top of the 9th over - 1 run, 3 hits, 0 errors, 3 left on base; Greenville 1 - Lansing 4 |
|